 Dungeon Crawl Stone Soup version 0.15.1-1-gfacfea3 (webtiles) character file.

1279 Rooster the Cleaver (level 8, -2/66 HPs)
             Began as a Hill Orc Fighter on Sept 22, 2014.
             Incinerated by Thrillho's ghost (4 damage)
             ... with a sticky flame
             ... on Level 6 of the Dungeon.
             The game lasted 00:28:45 (5332 turns).

Rooster the Cleaver (Hill Orc Fighter)              Turns: 5332, Time: 00:28:45

HP  -2/66        AC  8     Str 21      XL: 8   Next: 54%
MP   0/8         EV  6     Int  8      God:
Gold 285         SH  9     Dex 10      Spells:  0 memorised,  7 levels left

rFire  . . .     SeeInvis .     a - +0 war axe
rCold  . . .     Clarity  .     b - +0 scale mail
rNeg   . . .     rCorr    .     c - +0 shield
rPois  .         rRot     .     l - +0 helmet
rElec  .         Spirit   +     (no cloak)
SustAb .         Warding  .     (no gloves)
rMut   .         Stasis   .     (no boots)
Gourm  .                        e - amulet of guardian spirit
MR     .....                    (no ring)
                                (no ring)

@: liquid flames, very slightly contaminated, hasted, glowing, very quick, not
resistant to hostile enchantments, extremely unstealthy
A: no striking features
a: no special abilities


You were on level 6 of the Dungeon.
You were hungry.

You visited 1 branch of the dungeon, and saw 6 of its levels.

You collected 285 gold pieces.

Inventory:

Hand weapons
 a - a +0 war axe (weapon)
Armour
 b - a +0 scale mail (worn)
 c - a +0 shield (worn)
 l - a +0 helmet (worn)
 u - a +0 helmet
Magical devices
 m - a wand of digging (15)
Comestibles
 d - 2 meat rations
 k - 2 royal jellies
 n - 4 bread rations
 z - a slice of pizza
 A - a rotting chunk of rat flesh
Scrolls
 f - 2 scrolls of identify
 j - 2 scrolls of remove curse
 t - 2 scrolls of enchant armour {unknown}
 y - a scroll of blinking {unknown}
 B - a scroll of recharging
Jewellery
 e - an amulet of guardian spirit (around neck)
 v - an uncursed ring of teleportation
Potions
 g - a potion of curing {unknown}
 h - a potion of magic
 i - a potion of lignification {unknown}
 p - a potion of cure mutation {unknown}
 q - 2 potions of poison {unknown}
 r - a potion of brilliance {unknown}
 s - 2 potions of heal wounds
 w - a potion of confusion {unknown}
 x - a potion of haste
Books
 o - a book of the Earth

   Spells                             Type                      Level
   Leda's Liquefaction                Hexes/Earth                  4
   Bolt of Magma                      Conjuration/Fire/Earth       5
   Statue Form                        Transmutation/Earth          6
   Iron Shot                          Conjuration/Earth            6
   Shatter                            Earth                        9


   Skills:
 - Level 4.0 Fighting
 + Level 12.3 Axes
 - Level 3.7 Armour
 - Level 1.0 Dodging
 - Level 3.8 Shields


You had 7 spell levels left.
You didn't know any spells.

Dungeon Overview and Level Annotations

Branches:
Dungeon (6/15)
 Temple: D:4-7

Altars:
Cheibriados
Kikubaaqudgha
Makhleb
Nemelex Xobeh

Annotations:
D:6 Thrillho's ghost, experienced DEFE


Message History

You are very lightly contaminated with residual magic.
You smell decay.
Yuck! (slot A)
You are covered in liquid flames!
* * * LOW HITPOINT WARNING * * *
You are covered in liquid flames!
* * * LOW HITPOINT WARNING * * *
You are covered in liquid flames!
* * * LOW HITPOINT WARNING * * *
You see here 11 arrows.
You are covered in liquid flames!
* * * LOW HITPOINT WARNING * * *
You are covered in liquid flames!
* * * LOW HITPOINT WARNING * * *
Thrillho's ghost says, "The agents of utter destruction are not stopped by death."
You are covered in liquid flames!
* * * LOW HITPOINT WARNING * * *
You are covered in liquid flames!
* * * LOW HITPOINT WARNING * * *
You are covered in liquid flames!
You die...

#..#.....(.###'#....#..
#..#.......#...#....#..
#..#.......'...'....#..
#..'.......#...#)...#..
#..#.......#...#.(..#..
#..#...##'##...#..(.#..
#..'...'...+...+...(#..
#..#...#..##...#..(.(..
####..@#..##...#..(.#..
#...+.......+..(.#..
#...#..##...#....+..
#...#..####'#...)##'
#..W'...'...+.......
+..(##'##...#.......
##+#...#..##...#.......
#..#...'..##...#.......
#..#...#..##...#.......


You could see Thrillho's ghost.

Vanquished Creatures
  A sky beast (D:6)
  2 ice beasts (D:5)
  2 ogres (D:5)
  A giant frog (D:4)
  3 crimson imps
  A giant frog zombie (D:5)
  3 hounds
  An iguana (D:5)
  2 jellies (D:5)
  3 worker ants
  An orc priest (D:5)
  3 orc wizards (D:5)
  Jessica (D:2)
  7 adders
  9 gnolls
  2 giant mites
  3 worms
  An orc skeleton (D:5)
  An ooze (D:3)
  6 orcs
  8 bats
  16 goblins
  10 hobgoblins
  A quokka (D:5)
  4 ball pythons
  6 giant cockroaches
  3 giant geckos
  5 giant newts
  A goblin zombie (D:5)
  2 hobgoblin zombies
  2 jackals (D:3)
  13 kobolds
  An orc zombie (D:6)
  12 rats
137 creatures vanquished.

Notes
Turn   | Place    | Note
--------------------------------------------------------------
     0 | D:1      | Rooster, the Hill Orc Fighter, began the quest for the Orb.
     0 | D:1      | Reached XP level 1. HP: 19/19 MP: 1/1
    89 | D:1      | Reached XP level 2. HP: 18/27 MP: 2/2
   625 | D:1      | Reached XP level 3. HP: 33/33 MP: 3/3
   686 | D:2      | Reached skill level 4 in Fighting
   838 | D:2      | Reached skill level 1 in Dodging
   891 | D:2      | Found a sparkling altar of Nemelex Xobeh.
  1065 | D:2      | Noticed Jessica
  1078 | D:2      | Killed Jessica
  1078 | D:2      | Reached XP level 4. HP: 40/40 MP: 4/4
  1120 | D:2      | Found a burning altar of Makhleb.
  1558 | D:3      | Reached skill level 5 in Axes
  1629 | D:3      | Reached XP level 5. HP: 44/46 MP: 5/5
  2376 | D:4      | Reached skill level 6 in Axes
  2470 | D:4      | Found a snail-covered altar of Cheibriados.
  2533 | D:4      | Reached skill level 7 in Axes
  2533 | D:4      | Reached XP level 6. HP: 39/52 MP: 6/6
  2574 | D:5      | Entered Level 5 of the Dungeon
  2761 | D:5      | Reached skill level 8 in Axes
  3178 | D:5      | Reached skill level 9 in Axes
  3178 | D:5      | Reached XP level 7. HP: 59/59 MP: 7/7
  3538 | D:5      | Reached skill level 10 in Axes
  4065 | D:5      | Reached XP level 8. HP: 21/66 MP: 8/8
  4112 | D:5      | Reached skill level 11 in Axes
  4761 | D:6      | Found an ancient bone altar of Kikubaaqudgha.
  4889 | D:6      | Reached skill level 12 in Axes
  5312 | D:6      | Noticed Thrillho's ghost (experienced DEFE)
  5330 | D:6      | HP: 3/66 [burnt (4)]
  5332 | D:6      | Incinerated by Thrillho's ghost

Action                   |  1- 3 |  4- 6 |  7- 9 || total
-------------------------+-------+-------+-------++-------
Melee: War axe           |   123 |   227 |   188 ||   538
Evoke: Wand              |       |     1 |       ||     1
  Use: Scroll            |     7 |       |     2 ||     9
       Potion            |       |       |     3 ||     3
  Eat: Chunk             |       |     8 |     5 ||    13
       Pizza             |       |       |     1 ||     1
